 Dungeon Crawl Stone Soup version 0.31-a0-799-g6bc09d010c (webtiles) character file.

Game seed: 11093477213930951472

15402 SmokeWeed the Cleaver (level 12, -12/92 HPs)
             Began as a Demonspawn Shapeshifter on Sept 18, 2023.
             Was a High Priest of Okawaru.
             Shot with an arrow by a centaur warrior (17 damage)
             ... on level 13 of the Dungeon on Sept 20, 2023.
             The game lasted 00:53:08 (12500 turns).

SmokeWeed the Cleaver (Demonspawn Shapeshifter)    Turns: 12500, Time: 00:53:09

Health: -12/92     AC: 19    Str: 18    XL:     12   Next: 0%
Magic:  12/12      EV:  7    Int: 11    God:    Okawaru [*****.]
Gold:   1930       SH:  5    Dex: 15    Spells: 9/11 levels left

rFire   . . .        H - +5 war axe (venom)
rCold   . . .        A - orb {mayhem}
rNeg    . . .        L - +5 plate armour {rPois}
rPois   +            (helmet currently unavailable)
rElec   .            (cloak currently unavailable)
rCorr   .            (gloves currently unavailable)
SInv    .            (boots currently unavailable)
Will    .....        I - amulet of reflection Stlth
                     g - ring of flight
HPRegen 0.35/turn    u - +4 ring of slaying
MPRegen 0.13/turn

%: mayhem, reflection
@: beast-form, flying
A: beast (slay +4), powered by death 1, sharp scales 1, condensation shield,
weakness stinger 2
a: Begin Untransformation, Renounce Religion, Heroism, Finesse, Duel


You were on level 13 of the Dungeon.
You worshipped Okawaru.
Okawaru was extremely pleased with you.
You were a hulking beast.
You visited 2 branches of the dungeon, and saw 14 of its levels.
You also visited: Ossuary and Bailey.

You collected 1960 gold pieces.
You spent 30 gold pieces at shops.

Inventory:

Hand Weapons
 p - a +2 whip of draining
 q - a +2 hand cannon of freezing
 v - a +9 heavy battleaxe
 D - a +3 great sword of freezing
 G - a +3 scimitar
 H - a +5 war axe of venom (weapon)
 M - the +0 scimitar "Hizob" {elec, rElec rF+++ Will+ Str-2}
   (You found it in a bailey)

   Str-2:     It affects your strength (-2).
   rF+++:     It renders you almost immune to fire.
   rElec:     It insulates you from electricity.
   Will+:     It increases your willpower.
Missiles
 e - 135 stones
 f - 3 darts of dispersal
 E - 5 poisoned darts
 J - a throwing net
 W - 9 javelins (quivered)
 X - a silver javelin
Armour
 j - a +2 ring mail of cold resistance
 w - a +0 pair of gloves
 A - an orb of mayhem (worn)
 K - a +2 helmet
 L - a +5 plate armour of poison resistance (worn)
Jewellery
 b - an amulet of magic regeneration
 g - a ring of flight (left hand)
 k - a ring of poison resistance
 u - a +4 ring of slaying (right hand)
 I - an amulet of reflection (around neck)
 V - a ring of resist corrosion
Talismans
 c - a beast talisman (active)
 d - a flux talisman
 r - a serpent talisman
Wands
 i - a wand of paralysis (3)
 n - a wand of quicksilver (10)
 t - a wand of flame (14)
 F - a wand of iceblast (6)
Scrolls
 h - 3 scrolls of revelation
 m - a scroll of brand weapon
 x - 2 scrolls of blinking
 y - a scroll of enchant armour
 N - a scroll of poison
 P - 2 scrolls of identify
 R - 2 scrolls of amnesia
 S - 6 scrolls of teleportation
 Z - a scroll of fog
Potions
 a - 2 potions of resistance
 l - 2 potions of cancellation
 o - 7 potions of curing
 s - 2 potions of haste
 z - a potion of brilliance {unknown}
 B - a potion of lignification
 C - 2 potions of might {unknown}
 O - a potion of invisibility {unknown}
 Q - a potion of attraction
 T - a potion of enlightenment {unknown}
 Y - 5 potions of ambrosia


   Skills:
 * Level 8.1 Fighting
 + Level 8.8(9.2) Axes
 + Level 3.5(6.7) Maces & Flails
 + Level 6.4 Throwing
 * Level 8.0 Armour
 + Level 3.0 Dodging
 + Level 1.4 Stealth
 + Level 2.4 Shields
 - Level 3.0 Unarmed Combat
 + Level 1.0 Invocations
 * Level 7.2 Shapeshifting


You had 9 spell levels left.
You knew the following spells:

 Your Spells              Type           Power      Damage    Failure   Level
a - Poisonous Vapours     Pois/Air       0%         N/A       100%        2

Your spell library contained the following spells:

 Spells                   Type           Power      Damage    Failure   Level
 Necrotise                Necr           0%         1d4       100%        1
 Dazzling Flash           Conj/Hex       0%         N/A       100%        3
 Frozen Ramparts          Ice            0%         1d1       100%        3
 Mephitic Cloud           Conj/Pois/Air  0%         N/A       100%        3
 Vampiric Draining        Necr           0%         2d6       100%        3
 Dimensional Bullseye     Hex/Tloc       0%         N/A       100%        4
 Iskenderun's Mystic Bla  Conj/Tloc      0%         2d3       100%        4
 Petrify                  Tmut/Erth      0%         N/A       100%        4
 Agony                    Necr           0%         N/A       100%        5
 Freezing Cloud           Conj/Ice/Air   0%         6-21      100%        5
 Metabolic Englaciation   Hex/Ice        0%         N/A       100%        5
 Silence                  Hex/Air        0%         N/A       100%        5
 Summon Small Mammal      Summ           Unusable   N/A       N/A         1
 Call Canine Familiar     Summ           Unusable   N/A       N/A         3
 Summon Guardian Golem    Hex/Summ       Unusable   N/A       N/A         3
 Tukima's Dance           Hex            Unusable   N/A       N/A         3

Dungeon Overview and Level Annotations

Branches:
Dungeon (13/15)            Temple (1/1) D:6            Lair (0/5) D:11
    Orc (0/2) D:11        Ossuary (visited)          Bailey (visited)
 Vaults: D:13-14

Altars:
Ashenzari
Cheibriados
Dithmenos
Fedhas
Gozag
Hepliaklqana
Kikubaaqudgha
Makhleb
Nemelex Xobeh
Okawaru
Qazlal
Ru
Sif Muna
Trog
Uskayaw
Vehumet
Wu Jian
Xom
Yredelemnul

Shops:
D:1 :   D:2 *   D:11 **

Annotations:
D:4 4 runed translucent doors


Innate Abilities, Weirdness & Mutations

You are a hulking beast.
Your limbs bulge with bestial killing power. (Slay +4)
You regenerate a little health from kills.
You are partially covered in razor-sharp scales. (AC +1, Slay +1)
A meltable shield of frost defends you. (SH +0)
You have a tail ending in a sharp stinger.


Message History

Throw: 10 javelins
Press: ? - help, Q - select action, (/) - cycle Shift-Dir - straight line, f - efreet
Aim: an efreet, wielding a +0 scimitar of flaming (wandering, hasn't noticed you, 85% to hit)
You throw a javelin.
The javelin pierces through the efreet!!
The efreet is heavily wounded.
Throw: 9 javelins
Press: ? - help, Q - select action, (/) - cycle Shift-Dir - straight line, f - you Really target yourself?
Okay, then.
A centaur warrior comes into view.
The centaur warrior shouts!
The efreet gestures at you. The bolt of fire hits you!!
Your condensation shield dissipates!
The centaur warrior wields a +0 orcbow.
The centaur warrior shoots an arrow.
The arrow hits you but does no damage. The efreet barely misses you.
You hit the efreet.
The efreet is severely wounded.
The centaur warrior shoots an arrow.
The arrow hits you.
The efreet hits you with a +0 scimitar of flaming.
The efreet burns you.
The centaur warrior shoots an arrow.
The arrow hits you!
You are too injured to fight recklessly!
You are too injured to fight recklessly!
You slash the efreet!
The efreet is almost dead.
The centaur warrior shoots an arrow.
The arrow hits you!
* * * LOW HITPOINT WARNING * * *
The efreet hits you with a +0 scimitar of flaming.
* * * LOW HITPOINT WARNING * * *
The efreet burns you.
* * * LOW HITPOINT WARNING * * *
The centaur warrior shoots an arrow.
The arrow hits you!
* * * LOW HITPOINT WARNING * * *
You hit the efreet but do no damage.
The efreet is almost dead.
You block the efreet's attack.
The centaur warrior shoots an arrow.
The arrow hits you!
You die...

#......... #....
#......... #.... .
#......... #.... ..
#......... #.... #..
#....... #.... #...
...c. #....
.....###'###########....
........................
.......h####............
......R.# #............
...(....# #............
........# #............
........# #............
........# #............
......... ..............
######### ##############


You could see a centaur warrior and an efreet.

Vanquished Creatures
  A two-headed ogre (D:11)
  A boulder beetle (D:9)
  2 orc sorcerers (Bailey)
  A manticore (D:13)
  2 cyclopes (D:11)
  5 gargoyles (D:10)
  An unseen horror (D:12)
  Jeremiah (D:8)
  A queen bee (D:11)
  4 trolls
  A shadow (D:10)
  A wraith (D:12)
  3 yaks (D:12)
  A basilisk (D:11)
  A steam dragon (D:10)
  5 vampire mosquitoes
  A water moccasin (D:5)
  An acid dragon (D:12)
  3 sky beasts
  A swamp drake (D:11)
  2 black bears
  11 orc warriors
  2 ice beasts (D:8)
  A phantom (D:4)
  2 centaurs
  4 bullfrogs
  A gnoll sergeant (D:10)
  2 scorpions
  6 water moccasin zombies (Ossuary)
  21 wights
  15 killer bees
  6 electric eels
  4 howler monkeys
  6 hounds
  2 jellies
  6 orc priests
  3 sleepcaps
  Jessica (D:3)
  Ijyb (D:3)
  2 iguanas (D:5)
  Natasha (D:3)
  12 orc wizards
  2 mummies (Ossuary)
  4 gnolls
  6 adders
  2 shadow imps
  2 ufetubi
  5 adder zombies (Ossuary)
  A worm (D:5)
  50 orcs
  3 bats
  7 endoplasms
  A giant cockroach (D:2)
  3 gnoll zombies (Ossuary)
  18 goblins
  8 hobgoblins
  4 quokkas
  A ball python (D:2)
  3 frilled lizards
  7 hobgoblin zombies (Ossuary)
  7 kobolds
  4 kobold zombies (Ossuary)
  7 orc zombies (Ossuary)
  10 rats
303 creatures vanquished.

Vanquished Creatures (collateral kills)
  A troll (D:10)
  2 orc warriors (Bailey)
  2 wolves (D:11)
  2 wights
  10 killer bees
  2 hounds (D:11)
  An orc priest (D:9)
  3 orc wizards (D:9)
  3 gnolls
  4 orcs
30 creatures vanquished.

Vanquished Creatures (others)
  2 orc warriors (Bailey)
  A wolf (D:11)
  A wight (D:9)
  4 killer bees (D:11)
  A howler monkey (D:11)
  3 gnolls
  An orc (D:11)
  A goblin (Bailey)
14 creatures vanquished.

Grand Total: 347 creatures vanquished

Notes
Turn   | Place    | Note
-------+----------+-------------------------------------------
     0 | D:1      | SmokeWeed the Demonspawn Shapeshifter began the quest for
                  | the Orb.
     0 | D:1      | Reached XP level 1. HP: 15/15 MP: 1/1
   366 | D:1      | Gained mutation: You regenerate a little health from kills.
                  | [demonic ancestry]
   366 | D:1      | Reached XP level 2. HP: 5/21 MP: 2/2
   658 | D:1      | Found Leuhy's Book Emporium.
  1143 | D:2      | Found Koxkia's Assorted Antiques.
  1620 | D:2      | Reached XP level 3. HP: 25/26 MP: 3/3
  2059 | D:3      | Reached skill level 1 in Armour
  2071 | D:3      | Gained mutation: You are partially covered in razor-sharp
                  | scales. (AC +1, Slay +1) [demonic ancestry]
  2071 | D:3      | Reached XP level 4. HP: 24/33 MP: 4/4
  2081 | D:3      | Reached skill level 1 in Maces & Flails
  2272 | D:3      | Noticed Jessica
  2277 | D:3      | Killed Jessica
  2308 | D:3      | Noticed Ijyb
  2322 | D:3      | Killed Ijyb
  2323 | D:3      | Gained mutation: You have a small tail. [demonic ancestry]
  2323 | D:3      | Reached XP level 5. HP: 16/38 MP: 5/5
  2645 | D:3      | Noticed Natasha
  2650 | D:3      | Killed Natasha
  2868 | D:4      | Found a large runed translucent door.
  2868 | D:4      | Found a large runed translucent door.
  2887 | D:4      | Gained mutation: A meltable shield of frost defends you.
                  | (SH +0) [demonic ancestry]
  2887 | D:4      | Reached XP level 6. HP: 43/46 MP: 6/6
  2928 | D:4      | Noticed a steam dragon
  2963 | D:4      | Found a large runed translucent door.
  2963 | D:4      | Found a large runed translucent door.
  3282 | D:4      | Reached skill level 1 in Throwing
  3398 | D:4      | Reached skill level 1 in Axes
  3398 | D:4      | Reached XP level 7. HP: 50/52 MP: 7/7
  3455 | D:5      | Entered Level 5 of the Dungeon
  3700 | D:5      | Found a broken altar of Ashenzari.
  4450 | D:6      | Found a sand-covered staircase.
  4460 | Ossuary  | Entered an ossuary
  4506 | Ossuary  | Gained mutation: You have a tail ending in a sharp stinger.
                  | [demonic ancestry]
  4506 | Ossuary  | Reached XP level 8. HP: 58/58 MP: 8/8
  4715 | D:6      | Learned a level 2 spell: Poisonous Vapours
  4778 | D:6      | Reached skill level 1 in Stealth
  4790 | D:6      | Found a staircase to the Ecumenical Temple.
  4800 | Temple   | Entered the Ecumenical Temple
  4823 | Temple   | Became a worshipper of Warmaster Okawaru
  4991 | D:6      | Reached skill level 5 in Axes
  5342 | D:7      | Reached * piety under Okawaru
  5343 | D:7      | Reached XP level 9. HP: 66/66 MP: 9/9
  5816 | D:8      | Found an ancient bone altar of Kikubaaqudgha.
  5833 | D:8      | Reached skill level 5 in Fighting
  6119 | D:8      | Noticed Jeremiah
  6142 | D:8      | Upgraded the game from 0.31-a0-795-g5eb97db20b to
                  | 0.31-a0-799-g6bc09d010c
  6145 | D:8      | Killed Jeremiah
  6146 | D:8      | Reached skill level 5 in Armour
  6158 | D:8      | Reached skill level 5 in Shapeshifting
  6228 | D:8      | Reached ** piety under Okawaru
  6940 | D:9      | Reached XP level 10. HP: 50/76 MP: 8/10
  6947 | D:9      | Noticed a boulder beetle
  7082 | D:9      | Killed a boulder beetle
  7479 | D:9      | Reached skill level 1 in Invocations
  7799 | D:10     | Entered Level 10 of the Dungeon
  7810 | D:10     | Found a shadowy altar of Dithmenos.
  7955 | D:10     | Reached skill level 1 in Shields
  8067 | D:10     | Found a flagged portal.
  8093 | Bailey   | Entered a bailey
  8165 | Bailey   | Noticed an orc sorcerer
  8175 | Bailey   | Paralysed by an orc sorcerer for 3 turns
  8189 | Bailey   | Killed an orc sorcerer
  8189 | Bailey   | Reached *** piety under Okawaru
  8190 | Bailey   | Reached skill level 5 in Throwing
  8761 | Bailey   | Found an iron altar of Okawaru.
  8761 | Bailey   | Noticed an orc sorcerer
  8769 | Bailey   | Killed an orc sorcerer
  8770 | Bailey   | Reached XP level 11. HP: 71/83 MP: 8/11
  8824 | Bailey   | Identified the +0 scimitar "Hizob" {elec, rElec rF+++ Will+
                  | Str-2}
  8966 | Bailey   | Acquired 999 gold pieces
  9284 | D:10     | Reached **** piety under Okawaru
 10098 | D:11     | Reached ***** piety under Okawaru
 10312 | D:11     | Found a staircase to the Lair.
 10336 | D:11     | Found a gate leading to a gauntlet.
 10426 | D:11     | Noticed a two-headed ogre
 10436 | D:11     | Killed a two-headed ogre
 10718 | D:11     | Found a staircase to the Orcish Mines.
 10833 | D:11     | Found Ceablakh's Assorted Antiques.
 10839 | D:11     | Bought a scroll labelled KIHASH BETEARO for 30 gold pieces
 10967 | D:11     | Found Ciptir's Elemental Accessories.
 11125 | D:11     | Received a gift from Okawaru
 11869 | D:12     | Received a gift from Okawaru
 12315 | D:13     | Reached XP level 12. HP: 62/92 MP: 12/12
 12496 | D:13     | Noticed a centaur warrior
 12500 | D:13     | Shot with an arrow by a centaur warrior

Illustrated notes

Levels and vault maps discovered:
D:1:      dpeg_arrival_snail, layout_basic, serial_shops,
          nicolae_book_shop_shelving, nicolae_concentric_dashed_squares_wild,
          dreamdust_princess_bridge, minmay_rat_gold_closets
D:2:      layout_basic, serial_shops, shop, st_stairs_2, minmay_misc_feat_tower
D:3:      layout_rooms, nrook_campfire, uniq_ijyb, uniq_natasha, uniq_jessica
D:4:      layout_basic, minmay_hollow_rounded_squares
D:5:      layout_cave_pools, evilmike_ruin_ashenzari, serial_co_window_serial,
          co_window_corner_a, co_window_paths_a, co_window_corner_a,
          co_window_corner_a, co_window_corner_a, co_window_corner_ca,
          co_window_cross_3, co_window_broadway_c, co_window_broadway_b,
          co_window_paths_e, glass_columns_c, glass_columns_c, glass_columns_c
D:6:      layout_basic, temple_fountains, nicolae_ossuary_entry_monument
D:7:      layout_rooms, small_statue_intersection
D:8:      layout_gridville, mainiacjoe_overflow_catwalk, uniq_jeremiah
D:9:      layout_rooms
D:10:     cheibrodos_statue_roulette, layout_basic,
          grunt_dithmenos_smoke_and_mirrors, enter_bailey_5,
          minmay_quadrilaterals
D:11:     layout_roguey [special_room_bee], erik_lair_island, erik_orc_1,
          serial_shops, shop, gauntlet_entry_generic, minivault_21,
          nicolae_elemental_shop, chequers_serial_rivers_large_a,
          elyvilon_altar_1
D:12:     layout_long_grid
D:13:     layout_stronghold
Temple:   compressed_dpeg_triangle_lava_temple

Skill      XL: |  1  2  3  4  5  6  7  8  9 10 11 |
---------------+----------------------------------+-----
Unarmed Combat | 3 |  3.0
Shapeshifting  | 3 4 5 6 7 |  7.2
Armour         | 1 2 3 4 5 6 8 |  8.0
Dodging        | 2 3 |  3.0
Maces & Flails | 1 2 3 |  3.5
Fighting       | 2 3 4 5 6 8 |  8.1
Throwing       | 1 2 3 5 6 |  6.4
Axes           | 1 3 5 7 8 |  8.8
Stealth        | 1 |  1.4
Invocations    | 1 |  1.0
Shields        | 1 2 |  2.4

Action                     |  1- 3 |  4- 6 |  7- 9 | 10-12 || total
---------------------------+-------+-------+-------+-------++-------
  Melee: Unarmed           |    34 |       |       |       ||    34
         Whip              |    77 |    78 |    30 |    31 ||   216
         Punch             |     2 |     3 |       |       ||     5
         Tailslap          |       |     7 |    14 |    40 ||    61
         Battleaxe         |       |    19 |   122 |       ||   141
         War axe           |       |       |       |   173 ||   173
  Throw: Boomerang         |       |    30 |   102 |   126 ||   258
         Dart              |       |       |       |    12 ||    12
         Javelin           |       |       |       |     6 ||     6
 Invoke: Heroism           |       |       |     4 |     4 ||     8
    Use: Scroll            |       |    13 |     9 |     9 ||    31
         Potion            |       |       |     1 |     1 ||     2
 Armour: Ring mail         |    56 |    54 |   154 |    60 ||   324
         Animal skin       |     1 |       |       |       ||     1
         Plate armour      |       |       |       |   167 ||   167
  Dodge: Dodged            |    55 |    57 |   121 |    65 ||   298
  Block: Other             |       |     6 |    30 |       ||    36
         Orb               |       |       |     2 |    41 ||    43
   Form: Flux              |     1 |       |       |     1 ||     2
         Beast             |     1 |       |       |     1 ||     2
         Anaconda          |       |       |       |     1 ||     1

Table legend: (Time is in decaauts)
 A = Elapsed time spent in this place.
 B = Non-inter-level travel time spent in this place.
 C = Inter-level travel time spent in this place.
 D = Time resting spent in this place.
 E = Time spent auto-exploring this place.
 F = Levels seen in this place.
 G = Mean time per level.
                   A        B        C        D        E       F      G
               +--------+--------+--------+--------+--------+-----+--------+
         Total |  12715 |  12482 |    233 |   1316 |   6980 |  16 |  794.7 |
       Dungeon |  11473 |  11240 |    233 |   1064 |   6868 |  13 |  882.5 |
        Temple |     40 |     40 |      0 |      0 |      0 |   1 |   40.0 |
       Ossuary |    261 |    261 |      0 |      0 |      0 |   1 |  261.0 |
        Bailey |    939 |    939 |      0 |    252 |    112 |   1 |  939.0 |
               +--------+--------+--------+--------+--------+-----+--------+

Top non-repeatable levels by time:
    D:11: 1358 daAuts
    D:10: 1312 daAuts
     D:1: 1029 daAuts
     D:5: 1007 daAuts
     D:9: 986 daAuts
     D:2: 956 daAuts
  Bailey: 939 daAuts
     D:8: 824 daAuts
    D:12: 780 daAuts
     D:3: 765 daAuts
     D:4: 752 daAuts
     D:6: 690 daAuts
     D:7: 674 daAuts
    D:13: 335 daAuts
 Ossuary: 261 daAuts
